| TOP OF THE 1ST |
|
Utica Blue Jays batting - Pitching for Jamestown Falcons : LHP Cliff Young
|
|
Pitching: LHP Cliff Young
|
|
|
Batting: RHB Ed Allen
|
0-0: Called Strike 0-1: Called Strike 0-2: Ball 1-2: Ball 2-2: Ball 3-2: Ground out 6-3 (Groundball, 6, EV 87.5 MPH)
|
|
Batting: SHB Manuel Lee
|
0-0: Ball 1-0: Ball 2-0: Ball 3-0: Base on Balls
|
|
Batting: LHB Tom Reynolds
|
0-0: Called Strike 0-1: Ball 1-1: Ball 2-1: Called Strike 2-2: SINGLE (Line Drive, 3, EV 65.0 MPH) (infield hit) Manuel Lee to second
|
|
Batting: RHB Jose Gonzalez
|
0-0: Foul Ball, location: 2F 0-1: Fly out, F7 (Flyball, 78S, EV 88.8 MPH)
|
|
Batting: RHB Ricky Jordan
|
0-0: Ball 1-0: Ball 2-0: Called Strike 2-1: Fly out, F7 (Flyball, 7, EV 97.5 MPH)
|
| Top of the 1st over - 0 runs, 1 hit, 0 errors, 2 left on base; Utica 0 - Jamestown 0 |
| BOTTOM OF THE 1ST |
|
Jamestown Falcons batting - Pitching for Utica Blue Jays : RHP Julio Nunez
|
|
Pitching: RHP Julio Nunez
|
|
|
Batting: RHB Nelson Rood
|
0-0: Fly out, F9 (Flyball, 9LM, EV 95.6 MPH)
|
|
Batting: LHB Jack Shuffield
|
0-0: Foul Ball, location: 2F 0-1: Ball 1-1: Ground out 1-3 (Groundball, 13S, EV 70.6 MPH)
|
|
Pitching: RHP Christian Fedor
|
|
|
Batting: LHB Warren Bachmann
|
0-0: Called Strike 0-1: Single, Error in OF, E8, batter to second base (Groundball, 6D, EV 105.6 MPH)
|
|
Batting: LHB Jack Howell
|
0-0: Ball 1-0: Fly out, F8 (Flyball, 8LS, EV 80.6 MPH)
|
| Bottom of the 1st over - 0 runs, 1 hit, 1 error, 1 left on base; Utica 0 - Jamestown 0 |
| TOP OF THE 2ND |
|
Utica Blue Jays batting - Pitching for Jamestown Falcons : LHP Cliff Young
|
|
Batting: RHB Eddie Santiago
|
0-0: Ball 1-0: Ball 2-0: SINGLE (Line Drive, 6D, EV 96.3 MPH)
|
|
Batting: LHB Robert Williamson
|
0-0: Ball 1-0: Swinging Strike 1-1: Foul Ball, location: 2F 1-2: Strikes out swinging
|
|
Batting: RHB Gustavo Hernandez
|
0-0: Foul Ball, location: 2F 0-1: Swinging Strike 0-2: Ball 1-2: Foul Ball, location: 2F 1-2: Ball 2-2: Fielders Choice at 2nd, 5-4 (Groundball, 56S, EV 83.8 MPH)
|
|
Batting: RHB Rafael Quezada
|
0-0: Ball Gustavo Hernandez steals 2nd base (no throw) 1-0: Ball 2-0: Called Strike 2-1: Ball 3-1: Called Strike 3-2: Foul Ball, location: 2F 3-2: Ground out 5-3 (Groundball, 56, EV 83.1 MPH)
|
| Top of the 2nd over - 0 runs, 1 hit, 0 errors, 1 left on base; Utica 0 - Jamestown 0 |
| BOTTOM OF THE 2ND |
|
Jamestown Falcons batting - Pitching for Utica Blue Jays : RHP Christian Fedor
|
|
Batting: LHB Mark Meleski
|
0-0: SOLO HOME RUN (Flyball, 89XD, EV 93.8 MPH), Distance : 427 ft
|
|
Batting: RHB Ronald Arnold
|
0-0: Ball 1-0: Ball 2-0: Ball 3-0: Base on Balls
|
|
Batting: LHB Darren Riley
|
0-0: Ball 1-0: Ball 2-0: Called Strike 2-1: Called Strike 2-2: Grounds into double play, 4-6-3 (Groundball, 4, EV 105.6 MPH)
|
|
Batting: RHB Herman Cunningham
|
0-0: Fly out, F7 (Line Drive, 7, EV 91.3 MPH)
|
| Bottom of the 2nd over - 1 run, 1 hit, 0 errors, 0 left on base; Utica 0 - Jamestown 1 |
| TOP OF THE 3RD |
|
Utica Blue Jays batting - Pitching for Jamestown Falcons : LHP Cliff Young
|
|
Batting: RHB Ed Allen
|
0-0: Swinging Strike 0-1: Ball 1-1: Called Strike 1-2: Ball 2-2: Ball 3-2: Strikes out swinging
|
|
Batting: SHB Manuel Lee
|
0-0: Called Strike 0-1: Fly out, F4 (Line Drive, 4, EV 66.9 MPH)
|
|
Batting: LHB Tom Reynolds
|
0-0: Called Strike 0-1: Fly out, F8 (Flyball, 89XD, EV 106.9 MPH)
|
| Top of the 3rd over - 0 runs, 0 hits, 0 errors, 0 left on base; Utica 0 - Jamestown 1 |
| BOTTOM OF THE 3RD |
|
Jamestown Falcons batting - Pitching for Utica Blue Jays : RHP Christian Fedor
|
|
Batting: RHB Joe Oliver
|
0-0: Swinging Strike 0-1: Swinging Strike 0-2: Ball 1-2: Strikes out swinging
|
|
Batting: RHB Nelson Rood
|
0-0: Ball 1-0: SINGLE (Line Drive, 56D, EV 98.8 MPH)
|
|
Batting: LHB Jack Shuffield
|
0-0: Ball Pickoff Throw by Catcher to First - Out! 1-0: Called Strike 1-1: Foul Ball, location: 2F 1-2: Foul Ball, location: 2F 1-2: Strikes out swinging
|
| Bottom of the 3rd over - 0 runs, 1 hit, 0 errors, 0 left on base; Utica 0 - Jamestown 1 |
| TOP OF THE 4TH |
|
Utica Blue Jays batting - Pitching for Jamestown Falcons : LHP Cliff Young
|
|
Batting: RHB Jose Gonzalez
|
0-0: Fly out, F9 (Flyball, 89S, EV 85.6 MPH)
|
|
Batting: RHB Ricky Jordan
|
0-0: Foul Ball, location: 2F 0-1: Foul Ball, location: 2F 0-2: Ball 1-2: Foul Ball, location: 2F 1-2: SINGLE (Groundball, 6MD, EV 95.6 MPH)
|
|
Batting: RHB Eddie Santiago
|
0-0: Ball 1-0: Swinging Strike 1-1: Fielders Choice at 2nd, 4-6 (Groundball, 34, EV 88.1 MPH)
|
|
Batting: LHB Robert Williamson
|
0-0: Foul Ball, location: 2F 0-1: Called Strike 0-2: Ball 1-2: Ball 2-2: Fly out, F9 (Flyball, 9, EV 76.3 MPH)
|
| Top of the 4th over - 0 runs, 1 hit, 0 errors, 1 left on base; Utica 0 - Jamestown 1 |
| BOTTOM OF THE 4TH |
|
Jamestown Falcons batting - Pitching for Utica Blue Jays : RHP Christian Fedor
|
|
Batting: LHB Warren Bachmann
|
0-0: Fly out, F9 (Flyball, 89S, EV 86.9 MPH)
|
|
Batting: LHB Jack Howell
|
0-0: Called Strike 0-1: Ball 1-1: Foul Ball, location: 2F 1-2: Fly out, F7 (Flyball, 78D, EV 100.0 MPH)
|
|
Batting: LHB Mark Meleski
|
0-0: Ball 1-0: Ball 2-0: Called Strike 2-1: Called Strike 2-2: Strikes out swinging
|
| Bottom of the 4th over - 0 runs, 0 hits, 0 errors, 0 left on base; Utica 0 - Jamestown 1 |
| TOP OF THE 5TH |
|
Utica Blue Jays batting - Pitching for Jamestown Falcons : LHP Cliff Young
|
|
Batting: RHB Gustavo Hernandez
|
0-0: Called Strike 0-1: Called Strike 0-2: Ball 1-2: Ball 2-2: Fly out, F6 (Popup, 6, EV 78.1 MPH)
|
|
Batting: RHB Rafael Quezada
|
0-0: Called Strike 0-1: Ball 1-1: Fly out, F8 (Flyball, 8LM, EV 86.3 MPH)
|
|
Batting: RHB Ed Allen
|
0-0: Ball 1-0: Ball 2-0: Ball 3-0: Foul Ball, location: 2F 3-1: Base on Balls
|
|
Batting: SHB Manuel Lee
|
0-0: Ball Ed Allen is caught stealing 2nd base 2-4
|
| Top of the 5th over - 0 runs, 0 hits, 0 errors, 0 left on base; Utica 0 - Jamestown 1 |
| BOTTOM OF THE 5TH |
|
Jamestown Falcons batting - Pitching for Utica Blue Jays : RHP Christian Fedor
|
|
Batting: RHB Ronald Arnold
|
0-0: Fly out, F8 (Line Drive, 8RM, EV 93.1 MPH)
|
|
Batting: LHB Darren Riley
|
0-0: Foul Ball, location: 2F 0-1: Ball 1-1: Swinging Strike 1-2: Strikes out swinging
|
|
Batting: RHB Herman Cunningham
|
0-0: Called Strike 0-1: Foul Ball, location: 2F 0-2: Ball 1-2: SINGLE (Line Drive, 3D, EV 95.6 MPH)
|
|
Pitching: RHP Mike Cerefin
|
|
|
Batting: RHB Joe Oliver
|
0-0: Fielders Choice at 2nd, U4 (Groundball, 4M, EV 80.0 MPH)
|
| Bottom of the 5th over - 0 runs, 1 hit, 0 errors, 1 left on base; Utica 0 - Jamestown 1 |
| TOP OF THE 6TH |
|
Utica Blue Jays batting - Pitching for Jamestown Falcons : LHP Cliff Young
|
|
Batting: SHB Manuel Lee
|
0-0: Foul Ball, location: 2F 0-1: SINGLE (Groundball, 6D, EV 97.5 MPH)
|
|
Pitching: LHP Phil George
|
|
|
Batting: LHB Tom Reynolds
|
0-0: Called Strike 0-1: Ball 1-1: Fielders Choice at 2nd, 6-4 (Groundball, 6M, EV 78.8 MPH)
|
|
Batting: RHB Jose Gonzalez
|
0-0: Foul Ball, location: 2F 0-1: Swinging Strike 0-2: TRIPLE (Line Drive, 89XD, EV 102.5 MPH) Tom Reynolds scores
|
|
Batting: RHB Ricky Jordan
|
0-0: Ball 1-0: Fly out, F9 (Line Drive, 9, EV 105.0 MPH)
|
|
Batting: RHB Eddie Santiago
|
0-0: Ball 1-0: Called Strike 1-1: Foul Ball, location: 2F 1-2: Ball 2-2: Fly out, F4 (Flyball, 4MD, EV 91.3 MPH)
|
| Top of the 6th over - 1 run, 2 hits, 0 errors, 1 left on base; Utica 1 - Jamestown 1 |
| BOTTOM OF THE 6TH |
|
Jamestown Falcons batting - Pitching for Utica Blue Jays : RHP Mike Cerefin
|
|
Batting: RHB Nelson Rood
|
0-0: Called Strike 0-1: Ball 1-1: Foul Ball, location: 2F 1-2: Ball 2-2: Fly out, F8 (Flyball, 8RXD, EV 88.1 MPH)
|
|
Batting: LHB Jack Shuffield
|
0-0: Ball 1-0: Ball 2-0: Ball 3-0: Called Strike 3-1: Base on Balls
|
|
Batting: LHB Warren Bachmann
|
0-0: Swinging Strike 0-1: Reached on error, E5 (Groundball, 5, EV 109.4 MPH) Jack Shuffield to second
|
|
Batting: LHB Jack Howell
|
0-0: Called Strike 0-1: Ball 1-1: Called Strike 1-2: Foul Ball, location: 2F 1-2: Ball 2-2: Fly out, F3 (Popup, 34, EV 56.3 MPH)
|
|
Batting: LHB Mark Meleski
|
0-0: Ball 1-0: Ball Wild Pitch! Jack Shuffield to third Warren Bachmann to second 2-0: Ball 3-0: Called Strike 3-1: Foul Ball, location: 2F 3-2: Base on Balls
|
|
Pitching: LHP Maximo Rosario
|
|
|
Batting: RHB Ronald Arnold
|
0-0: Fly out, F8 (Flyball, 8LS, EV 85.6 MPH)
|
| Bottom of the 6th over - 0 runs, 0 hits, 1 error, 3 left on base; Utica 1 - Jamestown 1 |
| TOP OF THE 7TH |
|
Utica Blue Jays batting - Pitching for Jamestown Falcons : LHP Phil George
|
|
Batting: LHB Robert Williamson
|
0-0: Ball 1-0: Swinging Strike 1-1: Ball 2-1: Ground out 6-3 (Groundball, 6M, EV 81.9 MPH)
|
|
Batting: RHB Gustavo Hernandez
|
0-0: Called Strike 0-1: Ball 1-1: Called Strike 1-2: Strikes out swinging
|
|
Batting: RHB Rafael Quezada
|
0-0: Ball 1-0: DOUBLE (Line Drive, 7LS, EV 100.0 MPH)
|
|
Batting: RHB Ed Allen
|
0-0: Called Strike 0-1: Foul Ball, location: 2F 0-2: Strikes out swinging
|
| Top of the 7th over - 0 runs, 1 hit, 0 errors, 1 left on base; Utica 1 - Jamestown 1 |
| BOTTOM OF THE 7TH |
|
Jamestown Falcons batting - Pitching for Utica Blue Jays : LHP Maximo Rosario
|
|
Batting: LHB Darren Riley
|
0-0: Swinging Strike 0-1: Foul Ball, location: 2F 0-2: Strikes out swinging
|
|
Batting: RHB Herman Cunningham
|
0-0: Called Strike 0-1: Ball 1-1: SINGLE (Line Drive, 56, EV 95.0 MPH)
|
|
Batting: RHB Joe Oliver
|
0-0: Ball 1-0: Fly out, F7 (Flyball, 78M, EV 93.8 MPH)
|
|
Batting: RHB Nelson Rood
|
0-0: Fielders Choice at 2nd, 6-4 (Groundball, 6, EV 85.0 MPH)
|
| Bottom of the 7th over - 0 runs, 1 hit, 0 errors, 1 left on base; Utica 1 - Jamestown 1 |
| TOP OF THE 8TH |
|
Utica Blue Jays batting - Pitching for Jamestown Falcons : LHP Phil George
|
|
Batting: SHB Manuel Lee
|
0-0: Foul Ball, location: 2F 0-1: Ball 1-1: Ground out 5-3 (Groundball, 56S, EV 70.6 MPH)
|
|
Batting: LHB Tom Reynolds
|
0-0: Foul Ball, location: 2F 0-1: SOLO HOME RUN (Flyball, 78XD, EV 101.9 MPH), Distance : 451 ft
|
|
Batting: RHB Jose Gonzalez
|
0-0: Ball 1-0: Called Strike 1-1: Swinging Strike 1-2: Strikes out swinging
|
|
Batting: RHB Ricky Jordan
|
0-0: Swinging Strike 0-1: Swinging Strike 0-2: Strikes out swinging
|
| Top of the 8th over - 1 run, 1 hit, 0 errors, 0 left on base; Utica 2 - Jamestown 1 |
| BOTTOM OF THE 8TH |
|
Jamestown Falcons batting - Pitching for Utica Blue Jays : LHP Maximo Rosario
|
|
Batting: LHB Jack Shuffield
|
0-0: Swinging Strike 0-1: Ground out 4-3 (Groundball, 34, EV 77.5 MPH)
|
|
Batting: LHB Warren Bachmann
|
0-0: Ball 1-0: Fly out, F9 (Flyball, 9LM, EV 108.1 MPH)
|
|
Batting: LHB Jack Howell
|
0-0: Ball 1-0: Called Strike 1-1: Fly out, F7 (Flyball, 7, EV 79.4 MPH)
|
| Bottom of the 8th over - 0 runs, 0 hits, 0 errors, 0 left on base; Utica 2 - Jamestown 1 |
| TOP OF THE 9TH |
|
Utica Blue Jays batting - Pitching for Jamestown Falcons : LHP Phil George
|
|
Pitching: LHP Terrence Jackson
|
|
|
Batting: RHB Eddie Santiago
|
0-0: Ground out 3-1 (Groundball, 13, EV 81.9 MPH)
|
|
Batting: LHB Robert Williamson
|
0-0: Foul Ball, location: 2F 0-1: Ball 1-1: Ball 2-1: Ball 3-1: Ground out 4-3 (Groundball, 4S, EV 62.5 MPH)
|
|
Batting: RHB Gustavo Hernandez
|
0-0: Ball 1-0: Ground out 6-3 (Groundball, 6, EV 106.3 MPH)
|
| Top of the 9th over - 0 runs, 0 hits, 0 errors, 0 left on base; Utica 2 - Jamestown 1 |
| BOTTOM OF THE 9TH |
|
Jamestown Falcons batting - Pitching for Utica Blue Jays : LHP Maximo Rosario
|
|
Pitching: RHP Luis Lara
|
|
|
Batting: LHB Mark Meleski
|
0-0: Ball 1-0: Ball 2-0: Ground out 4-3 (Groundball, 4, EV 85.6 MPH)
|
|
Batting: RHB Ronald Arnold
|
0-0: Ball 1-0: Ball 2-0: Ball 3-0: Base on Balls
|
|
Batting: LHB Darren Riley
|
0-0: Ball 1-0: Ball 2-0: Ball Wild Pitch! Ronald Arnold to second 3-0: Called Strike 3-1: Foul Ball, location: 2F 3-2: Ground out 3-1 (Groundball, 34, EV 102.5 MPH) Ronald Arnold to third
|
|
Pinch Hitting: SHB Chuck Epperson
|
0-0: Called Strike 0-1: Ball 1-1: Foul Ball, location: 2F 1-2: Ball 2-2: Ball 3-2: Base on Balls
|
|
Pinch Hitting: RHB Glen Stacheit
|
0-0: Ball 1-0: Called Strike 1-1: Foul Ball, location: 2F 1-2: SINGLE (Flyball, 4MD, EV 96.3 MPH) Ronald Arnold scores Chuck Epperson to second Runner from 2nd tries for 3rd, SAFE, no throw by CF
|
|
Batting: RHB Nelson Rood
|
0-0: Ball 1-0: Called Strike 1-1: Called Strike 1-2: Fly out, F6 (Popup, 6, EV 76.3 MPH)
|
| Bottom of the 9th over - 1 run, 1 hit, 0 errors, 2 left on base; Utica 2 - Jamestown 2 |
| TOP OF THE 10TH |
|
Utica Blue Jays batting - Pitching for Jamestown Falcons : LHP Terrence Jackson
|
|
Now at C: Glenn Ballard
|
|
|
Now in LF: Glen Stacheit
|
|
|
Batting: RHB Rafael Quezada
|
0-0: Foul Ball, location: 2F 0-1: Swinging Strike 0-2: Ball 1-2: Ball 2-2: Ball 3-2: Base on Balls
|
|
Batting: RHB Ed Allen
|
0-0: Ball 1-0: Called Strike 1-1: Foul Ball, location: 2F 1-2: Foul Ball, location: 2F 1-2: Ball 2-2: Foul Ball, location: 2F 2-2: Foul Ball, location: 2F 2-2: Fly out, F9 (Flyball, 9LS, EV 87.5 MPH)
|
|
Batting: SHB Manuel Lee
|
0-0: Ball 1-0: Ball Rafael Quezada is caught stealing 2nd base 2-4 2-0: Called Strike 2-1: Foul Ball, location: 2F 2-2: SINGLE (Flyball, 78S, EV 86.9 MPH)
|
|
Batting: LHB Tom Reynolds
|
0-0: Called Strike 0-1: Foul Ball, location: 2F 0-2: Fly out, F7 (Flyball, 7LM, EV 75.0 MPH)
|
| Top of the 10th over - 0 runs, 1 hit, 0 errors, 1 left on base; Utica 2 - Jamestown 2 |
| BOTTOM OF THE 10TH |
|
Jamestown Falcons batting - Pitching for Utica Blue Jays : RHP Luis Lara
|
|
Pitching: LHP Joe Klink
|
|
|
Pinch Hitting: RHB Roberto Gutierrez
|
0-0: Ball 1-0: Ball 2-0: Called Strike 2-1: Foul Ball, location: 2F 2-2: Strikes out swinging
|
|
Batting: LHB Warren Bachmann
|
0-0: Called Strike 0-1: Ball 1-1: Foul Ball, location: 2F 1-2: Ball 2-2: DOUBLE (Groundball, 3L, EV 103.1 MPH)
|
|
Batting: LHB Jack Howell
|
0-0: Intentional Walk
|
|
Pinch Runner at 2nd David Hibner:
|
|
|
Pinch Hitting: RHB Gregory Devone
|
0-0: Ball David Hibner is caught stealing 3rd base 2-5 Jack Howell to second 1-0: Swinging Strike 1-1: Called Strike 1-2: Ball 2-2: Ball 3-2: Strikes out swinging
|
| Bottom of the 10th over - 0 runs, 1 hit, 0 errors, 1 left on base; Utica 2 - Jamestown 2 |
| TOP OF THE 11TH |
|
Utica Blue Jays batting - Pitching for Jamestown Falcons : LHP Terrence Jackson
|
|
Pitching: LHP Eric Bell
|
|
|
Now at 1B: Roberto Gutierrez
|
|
|
Now at SS: David Hibner
|
|
|
Now in LF: Gregory Devone
|
|
|
Batting: RHB Jose Gonzalez
|
0-0: Ball 1-0: Called Strike 1-1: Swinging Strike 1-2: Ball 2-2: Ground out 5-3 (Groundball, 56, EV 87.5 MPH)
|
|
Batting: RHB Ricky Jordan
|
0-0: Ball 1-0: Fly out, F8 (Flyball, 8RXD, EV 90.6 MPH)
|
|
Pinch Hitting: RHB Allen Smoot
|
0-0: Foul Ball, location: 2F 0-1: Swinging Strike 0-2: Fly out, F8 (Line Drive, 8RD, EV 101.9 MPH)
|
| Top of the 11th over - 0 runs, 0 hits, 0 errors, 0 left on base; Utica 2 - Jamestown 2 |
| BOTTOM OF THE 11TH |
|
Jamestown Falcons batting - Pitching for Utica Blue Jays : LHP Joe Klink
|
|
Now at 3B: Kevin Bates
|
|
|
Batting: RHB Ronald Arnold
|
0-0: Reached on error, E3 (Groundball, 34, EV 85.0 MPH)
|
|
Batting: RHB William Freidhof
|
0-0: Intentional Walk
|
|
Pinch Hitting: RHB Kenneth Harris
|
0-0: Called Strike 0-1: Ball 1-1: Swinging Strike 1-2: Ball 2-2: SINGLE (Groundball, 6MD, EV 96.9 MPH) Ronald Arnold to third William Freidhof to second
|
|
Batting: RHB Glen Stacheit
|
0-0: Ball 1-0: Fly out, F7 (Flyball, 7, EV 84.4 MPH) Throwing error, E7 Ronald Arnold scores
|
| Bottom of the 11th over - 1 run, 1 hit, 2 errors, 0 left on base; Utica 2 - Jamestown 3 |
|